 Dungeon Crawl Stone Soup version 0.14.0-12-g87ee3b7 (webtiles) character file.

65469 Bloax the Covert (level 15, 0/72 HPs)
             Began as a Vine Stalker Wizard on Apr 16, 2014.
             Was the Champion of Cheibriados.
             Slain by a merfolk impaler
             ... wielding a +5,+1 demon trident of electrocution
              (16 damage)
             ... on Level 2 of the Shoals on Apr 17, 2014.
             The game lasted 01:53:42 (11320 turns).

Bloax the Covert (Vine Stalker Wizard)             Turns: 11320, Time: 01:53:42

HP   0/72        AC 17     Str 27      XL: 15   Next: 11%
MP   0/34        EV 19     Int 39      God: Cheibriados [******]
Gold 1645        SH  0     Dex 24      Spells:  8 memorised, 11 levels left

rFire  + . .     SeeInvis .     M - +5 great sword (vamp) {!w}
rCold  . . .     Clarity  +     s - +2 scale mail {rPois}
rNeg   . . .     Conserve .     (no shield)
rPois  +         rCorr    .     n - +2 helmet "Deitoed" {+Fly}
rElec  .         rRot     +     C - +0 cloak
SustAb . .       Spirit   +     c - +0 pair of gloves {rF+}
rMut   .         Warding  .     a - +2 pair of boots {Stlth+}
Saprov . . .     Stasis   .     o - amulet of clarity
MR     +....                    e - ring "Roscheha" {Fire Dex-3 Int+1 Acc+2 Dam+2}
                                m - ring of ice

@: repel missiles, studying Stealth, very slow, somewhat resistant to hostile
enchantments, very stealthy
A: fangs 3, rugged brown scales 1, regeneration 3, magic shield, antimagic bite,
no device heal
a: Bend Time, Temporal Distortion, Slouch, Step From Time, Renounce Religion,
Evoke Flight


You were on level 2 of the Shoals.
You worshipped Cheibriados.
Cheibriados was exalted by your worship.
You were not hungry.

You visited 4 branches of the dungeon, and saw 24 of its levels.
You also visited: Labyrinth, Bailey, Ice Cave and Volcano.

You collected 1788 gold pieces.
You spent 143 gold pieces at shops.


Innate Abilities, Weirdness & Mutations

You are immune to rotting.
You have razor-sharp teeth.*
You regenerate.
When hurt, damage is shared between your health and your magic reserves.
Your bite disrupts and absorbs the magic of your enemies.*
Potions and wands cannot restore your HP.
You are partially covered in rugged brown scales (AC +1, +3% HP).*


   Skills:
 - Level 4.5 Fighting
 - Level 9.6 Short Blades
 * Level 10.2 Long Blades
 + Level 0.1 Armour
 + Level 10.2 Dodging
 - Level 11.0 Stealth
 - Level 10.2 Spellcasting
 - Level 9.1 Conjurations
 - Level 2.9 Charms
   Level 1.0 Summonings
 - Level 3.5 Translocations
 + Level 8.0 Ice Magic
 - Level 8.2 Invocations


You had 11 spell levels left.
You knew the following spells:

 Your Spells              Type           Power        Failure   Level  Hunger
c - Freeze                Ice            ####         1%          1    None
d - Conjure Flame         Conj/Fire      ######..     1%          3    None
f - Repel Missiles        Chrm/Air       ####..       2%          2    None
g - Ozocubu's Armour      Chrm/Ice       ######....   1%          3    None
h - Stoneskin             Trmt/Erth      ###.......   6%          2    None
i - Statue Form           Trmt/Erth      ###.......   100%        6    ####...
B - Blink                 Tloc           N/A          1%          2    None
Z - Throw Icicle          Conj/Ice       ######..     1%          4    None


Dungeon Overview and Level Annotations

Branches:
Dungeon (13/15)            Temple (1/1) D:4            Lair (8/8) D:11
 Shoals (2/5) Lair:5        Snake (0/5) Lair:4        Slime (0/6) Lair:6
    Orc: D:9-12      Vaults: D:13-14

Altars:
Ashenzari
Cheibriados
Dithmenos
Elyvilon
Fedhas
Nemelex Xobeh
Okawaru
Trog
Vehumet
Xom
Yredelemnul
Zin
Jiyva

Shops:
D:4 (   D:7 %

Annotations:
D:4 Natasha
Lair:6 exclusion: oklob plant

Inventory:

Hand weapons
 b - a +0,+3 battleaxe of electrocution
   (You took it off a vault guard on level 13 of the Dungeon)
 t - a +2,+0 scimitar of flaming
   (You took it off Erica on level 13 of the Dungeon)
 w - a +2,+2 dagger of venom
   (You took it off an orc wizard on level 8 of the Dungeon)
 H - the +7,+3 flail of Dawn {freeze, rC++ rN+}
   (You found it on level 12 of the Dungeon)

   It has been specially enchanted to freeze those struck by it, causing extra
   injury to most foes and up to double damage against particularly susceptible
   opponents.
   It can also slow down cold-blooded creatures.
   It greatly protects you from cold.
   It protects you from negative energy.
 M - a +5,+5 vampiric great sword (weapon) {!w}
   (You took it off a minotaur in a labyrinth)
 W - a +2,+3 cutlass
   (You found it on level 4 of the Dungeon)
Missiles
 k - 4 throwing nets (quivered)
Armour
 a - a +2 pair of boots of stealth (worn)
   (You found it on level 3 of the Dungeon)
 c - a +0 pair of gloves of fire resistance (worn)
   (You found it in a volcano)
 n - the +2 helmet "Deitoed" (worn) {+Fly}
   (You found it on level 13 of the Dungeon)

   It lets you fly.
 q - a +0 plate armour of fire resistance
   (You found it in a volcano)
 s - a +2 scale mail of poison resistance (worn)
   (You took it off a minotaur in a labyrinth)
 C - a +0 cloak (worn)
   (You found it on level 8 of the Lair of Beasts)
 J - a fire dragon hide
   (You found it on level 8 of the Lair of Beasts)
Magical devices
 v - a wand of digging (18)
   (You found it in a bailey)
 B - a wand of cold (0)
   (You found it on level 1 of the Lair of Beasts)
Comestibles
 d - 7 bread rations
 l - a meat ration
Scrolls
 D - 4 scrolls of teleportation
 P - 2 scrolls of fear
 S - a scroll of amnesia
 T - 2 scrolls of fog
 U - a scroll of magic mapping
 V - 13 scrolls of remove curse
 Y - a scroll of recharging
Jewellery
 e - the ring "Roscheha" (right hand) {Fire Dex-3 Int+1 Acc+2 Dam+2}
   (You found it on level 7 of the Lair of Beasts)

   [ring of fire]

   It affects your intelligence (+1).
   It affects your dexterity (-3).
   It affects your accuracy with ranged weapons and melee attacks (+2).
   It affects your damage with ranged weapons and melee attacks (+2).
 f - an uncursed ring of teleportation
   (You found it on level 8 of the Lair of Beasts)
 m - a ring of ice (left hand)
   (You found it in an ice cave)
 o - an amulet of clarity (around neck)
   (You found it in an ice cave)
 p - a +5 ring of intelligence
   (You took it off a minotaur in a labyrinth)
 u - an uncursed ring of sustain abilities
   (You found it on level 8 of the Dungeon)
 x - an uncursed ring of ice
   (You found it in an ice cave)
 G - an uncursed ring of protection from cold {unknown}
   (You found it on level 2 of the Shoals)
 L - an uncursed ring of magical power
   (You found it on level 1 of the Lair of Beasts)
 Q - an uncursed ring of protection from magic
   (You found it on level 5 of the Lair of Beasts)
Potions
 g - 4 potions of restore abilities {unknown}
 i - a potion of might
 j - a potion of agility
 z - a potion of confusion {unknown}
 A - a potion of lignification {!q}
 E - 2 potions of brilliance
 F - 8 potions of curing
 N - a potion of mutation {unknown}
 X - 2 potions of flight
 Z - a potion of resistance
Books
 h - a book of Dreams
   (You found it on level 3 of the Lair of Beasts)

   Spells                             Type                      Level
   Ensorcelled Hibernation            Hexes/Ice                    2
   Flight                             Charms/Air                   3
   Phase Shift                        Translocation                5
   Shadow Creatures                   Summoning                    5
   Mass Confusion                     Hexes                        6
   Darkness                           Hexes                        7
 r - a book of Annihilations {highlevel}
   (You found it on level 4 of the Lair of Beasts)

   This book is beyond your current level of understanding.

   Spells                             Type                      Level
   Poison Arrow                       Conjuration/Poison           6
   Chain Lightning                    Conjuration/Air              8
   Lehudib's Crystal Spear            Conjuration/Earth            8
   Glaciate                           Conjuration/Ice              9
   Fire Storm                         Conjuration/Fire             9
 y - a book of Frost
   (You found it on level 9 of the Dungeon)

   Spells                             Type                      Level
   *Freeze                            Ice                          1
   Throw Frost                        Conjuration/Ice              2
   *Ozocubu's Armour                  Charms/Ice                   3
   *Throw Icicle                      Conjuration/Ice              4
   Summon Ice Beast                   Ice/Summoning                4
   Condensation Shield                Ice                          4
 O - a manual of Stealth {!d}
   (You found it in a labyrinth)
 R - a book of Transfigurations
   (You found it on level 8 of the Lair of Beasts)

   Spells                             Type                      Level
   *Stoneskin                         Transmutation/Earth          2
   Ice Form                           Ice/Transmutation            4
   *Statue Form                       Transmutation/Earth          6
   Dragon Form                        Transmutation                7

~~~~~~~~~ ~~~~~~~~
~~~~~~~~~~~ ~~~~~~~~~
~~~~P~~~~~~ ~~~~~~~~~
~~~~P~~~~P~ ~~~~~~~~~
..~~~~~~~~~~~~.~~~~~
.~P(~~..~~~~..~~~))
#.~~~....~~~~~~~~~.
##.~~~..##.~~~~~~~~(
#.P@.~~.#.~~~~~~~~~~
P.###..m.P~..~~~~~~~~~~.
......~PP~~~..~~~<~~~~~~.
~P~P~~P~P~P~~~~~~~~~~...
~~PP~P~~~~P~~~~~~~~~....
~~~PP~~~P~~~~~~~~~~~.#..
~~~~~~~PP~~~~~~~~%~~....
~P~~~~~~P~~~~~....~~~...
~~~~~~~~~..~..###.~~~~~~


You could see a merfolk impaler.


Message History

The snapping turtle hisses angrily.
The snapping turtle bites you from afar.
A merfolk comes into view. It is wielding a trident.
The snapping turtle bites you. The snapping turtle misses you.
You hit the snapping turtle.
You feel better.
You bite the snapping turtle, but do no damage.
The snapping turtle is lightly wounded.
The snapping turtle bites you but does no damage.
You hit the snapping turtle.
The snapping turtle is lightly wounded.
The snapping turtle bites you.
You slash the snapping turtle!
You feel better.
You bite the snapping turtle, but do no damage.
The snapping turtle is moderately wounded.
The snapping turtle misses you.
You slash the snapping turtle! You bite the snapping turtle.
You drain its power.
You feel invigorated.
The snapping turtle is heavily wounded.
The snapping turtle bites you!
You barely miss the snapping turtle.
You bite the snapping turtle, but do no damage.
The snapping turtle is heavily wounded.
The snapping turtle bites you.
You completely miss the snapping turtle.
You bite the snapping turtle! You drain its power.
You feel invigorated.
The snapping turtle is severely wounded.
The snapping turtle bites you.
You hit the snapping turtle.
The snapping turtle is severely wounded.
The snapping turtle completely misses you.
You slash the snapping turtle!
You feel better.
You bite the snapping turtle! You drain its power.
You feel invigorated.
You kill the snapping turtle!
Cheibriados appreciates the change of pace.
You enter the shallow water.
Moving in this stuff is going to be slow.
A merfolk impaler comes into view. It is wielding a glowing demon trident.
The merfolk impaler completely misses you.
The merfolk impaler hits you from afar with a glowing demon trident! x2
Unknown command.
Unknown command.
The merfolk impaler hits you from afar with a glowing demon trident.
You are electrocuted!
* * * LOW HITPOINT WARNING * * *
The merfolk impaler closely misses you.
Unknown command.
Unknown command.
Evoke which item? (* to show all) (? for menu, Esc to quit)
Okay, then.
Casting: Repel Missiles You blink.
Splash!
You fall into the shallow water.
Moving in this stuff is going to be slow.
Found 9 arrows.
Unknown command.
Unknown command.
The merfolk impaler misses you.
The merfolk impaler completely misses you.
Unknown command.
Unknown command.
The merfolk impaler closely misses you.
The merfolk impaler hits you with a demon trident of electrocution.
* * * LOW HITPOINT WARNING * * *
You are electrocuted!
* * * LOW HITPOINT WARNING * * *
The merfolk impaler hits you with a demon trident of electrocution!
* * * LOW HITPOINT WARNING * * *
You are electrocuted!
You die...

Action                   |  1- 3 |  4- 6 |  7- 9 | 10-12 | 13-15 || total
-------------------------+-------+-------+-------+-------+-------++-------
Melee: Unarmed           |     9 |       |     3 |       |       ||    12
       Short sword       |    31 |    46 |       |       |       ||    77
       Cutlass           |       |     8 |   381 |   152 |    45 ||   586
       Dagger            |       |       |    59 |   464 |   463 ||   986
       Scimitar          |       |       |       |       |    50 ||    50
       Great sword       |       |       |       |       |   250 ||   250
 Cast: Magic Dart        |    34 |    16 |    68 |    12 |     1 ||   131
       Conjure Flame     |       |     4 |     7 |     1 |     4 ||    16
       Blink             |       |     3 |     7 |    11 |    13 ||    34
       Call Imp          |       |     2 |     1 |     1 |       ||     4
       Mephitic Cloud    |       |     1 |     4 |     1 |     6 ||    12
       Throw Icicle      |       |       |       |    54 |    63 ||   117
       Ozocubu's Armour  |       |       |       |     9 |     3 ||    12
       Repel Missiles    |       |       |       |     1 |     5 ||     6
       Freeze            |       |       |       |       |     7 ||     7
Invok: Temporal Distorti |       |       |       |       |     3 ||     3
       Slouch            |       |       |       |       |     3 ||     3
 Abil: Evoke Flight      |       |       |       |       |     1 ||     1
Evoke: Wand              |       |       |     2 |     5 |    17 ||    24
  Use: Scroll            |     3 |     4 |    13 |    12 |    24 ||    56
       Potion            |     1 |     3 |     2 |     2 |     2 ||    10
 Stab: Sleeping          |     5 |       |     4 |     6 |    18 ||    33
       Confused          |       |     2 |     2 |       |       ||     4
       Distracted        |       |       |       |     1 |     1 ||     2
       Fleeing           |       |       |       |     2 |       ||     2

Vault maps used:
D:1:      minmay_arrival_up_and_down
D:2:      hangedman_abyss_or_decor_stabs
D:3:      hangedman_decor_clover_reticule, uniq_grinder
D:4:      temple_fountains, serial_shops, shop_statue, trog_book, uniq_natasha,
          uniq_prince_ribbit1
D:5:      nicolae_overflow_quartered_altars, first_bread, hex_tiny,
          xom_obstacle_run
D:7:      serial_shops, shop_statue, fedhas_ov_isle_minmay
D:8:      enter_bailey_3
D:11:     lair_0_dummy, grunt_tengu_nest
D:12:     kennysheep_funnel, portal_ice_cave_entry_ice_statue_01
D:13:     grunt_vaults_entry_fortified, kennysheep_small_square, uniq_erica,
          uniq_psyche, uniq_josephine, uniq_nergalle
Temple:   temple_eino_lava_12
Lair:1:   serial_bayou_lagoon_a, minivault_26, lemuel_centaur_altar
Lair:3:   lab_entry_generic
Lair:4:   guppyfry_snake_entry_island
Lair:5:   shoals_dummy_entry, serial_bayou_shore_a
Lair:6:   dpeg_slime_entry_enclosed_altar, enter_volcano_2, st_stairs_6,
          dpeg_oklob_1
Lair:7:   ice2_lemuel
Lair:8:   guppyfry_lair_end_dragon, hangedman_lair_tendril_chambers,
          lemuel_fruit_tree
Shoals:1: uniq_louise
Shoals:2: uniq_saint_roka, uniq_polyphemus
Lab:      labyrinth_watery, nicolae_lab_lava, nicolae_lab_quarters,
          labyrinth_skeletal_remains
Bailey:   bailey_axe_3, bailey
IceCv:    ice_cave_caverns_02
Volcano:  volcano_lake

Notes
Turn   | Place    | Note
--------------------------------------------------------------
     0 | D:1      | Bloax, the Vine Stalker Wizard, began the quest for the Orb.
     0 | D:1      | Reached XP level 1. HP: 9/9 MP: 4/4
   106 | D:1      | wow
   186 | D:1      | Reached XP level 2. HP: 13/13 MP: 3/7
   363 | D:2      | Learned a level 2 spell: Blink
   366 | D:2      | Learned a level 2 spell: Call Imp
   523 | D:2      | Reached skill level 2 in Conjurations
   523 | D:2      | Reached XP level 3. HP: 9/16 MP: 0/9
   606 | D:2      | Reached skill level 4 in Spellcasting
   666 | D:3      | Reached skill level 1 in Short Blades
   666 | D:3      | Reached XP level 4. HP: 13/21 MP: 7/12
   713 | D:3      | Noticed Grinder
   741 | D:2      | Learned a level 3 spell: Conjure Flame
   745 | D:2      | Learned a level 3 spell: Mephitic Cloud
   817 | D:3      | HP: 4/21 [Grinder (2)]
   899 | D:3      | Killed Grinder
   899 | D:3      | Reached skill level 2 in Short Blades
   899 | D:3      | Reached skill level 5 in Spellcasting
   899 | D:3      | Reached skill level 3 in Conjurations
   899 | D:3      | Reached XP level 5. HP: 10/24 MP: 2/17
   899 | D:3      | Gained mutation: You heal very quickly. [vine stalker growth]
   899 | D:3      | Reached XP level 6. HP: 11/28 MP: 2/18
  1262 | D:4      | Found a staircase to the Ecumenical Temple.
  1280 | D:4      | Reached skill level 3 in Short Blades
  1280 | D:4      | Reached skill level 4 in Conjurations
  1291 | Temple   | Entered the Ecumenical Temple
  1299 | Temple   | Became a worshipper of Cheibriados the Contemplative
  1357 | D:4      | Noticed Prince Ribbit
  1378 | D:4      | Killed Prince Ribbit
  1378 | D:4      | Reached XP level 7. HP: 18/32 MP: 4/20
  1624 | D:4      | Found Voadol's Antique Weapon Boutique.
  1635 | D:4      | Bought a runed broad axe for 104 gold pieces
  1640 | D:4      | Noticed Natasha
  1757 | D:4      | Found a bloodstained altar of Trog.
  1773 | D:5      | Entered Level 5 of the Dungeon
  1797 | D:5      | Reached skill level 4 in Short Blades
  1797 | D:5      | Reached skill level 6 in Spellcasting
  1815 | D:5      | Reached skill level 5 in Conjurations
  1817 | D:5      | Found a sparkling altar of Nemelex Xobeh.
  1843 | D:5      | Found a shadowy altar of Dithmenos.
  2056 | D:5      | Gained mutation: You have razor-sharp teeth. [vine stalker growth]
  2056 | D:5      | Reached XP level 8. HP: 18/36 MP: 10/23
  2169 | D:5      | Reached skill level 2 in Dodging
  2322 | D:6      | how nice that i just used all my scrolls!
  2322 | D:6      | crawl you are so predictable
  2325 | D:6      | wait i'm chei
  2410 | D:6      | HP: 9/36 [ice beast (3)]
  2415 | D:6      | HP: 4/36 [phantom (3)]
  2417 | D:6      | Reached skill level 3 in Dodging
  2515 | D:6      | Reached skill level 5 in Short Blades
  2515 | D:6      | Reached skill level 2 in Translocations
  2716 | D:5      | Found a glowing silver altar of Zin.
  2842 | D:5      | Reached skill level 3 in Translocations
  2973 | D:6      | Reached XP level 9. HP: 39/39 MP: 17/24
  3069 | D:7      | Reached skill level 4 in Dodging
  3117 | D:7      | Acquired Cheibriados' first power
  3193 | D:7      | HP: 9/40 [orc/hand axe (2)]
  3199 | D:7      | HP: 9/40 [orc/club (1)]
  3265 | D:7      | Reached skill level 1 in Fighting
  3265 | D:7      | Reached skill level 6 in Short Blades
  3328 | D:7      | Found Threakh's Food Shop.
  3540 | D:4      | Bought a sling for 39 gold pieces
  3654 | D:7      | Found a blossoming altar of Fedhas.
  3696 | D:8      | Acquired Cheibriados' second power
  3793 | D:8      | Reached skill level 2 in Fighting
  3989 | D:8      | Paralysed by a giant eyeball for 4 turns
  4018 | D:8      | Found a flagged portal.
  4023 | D:8      | Acquired Cheibriados' third power
  4033 | Bailey   | Entered a bailey
  4086 | Bailey   | Reached skill level 5 in Dodging
  4100 | Bailey   | Found a burning altar of Makhleb.
  4100 | Bailey   | Noticed an orc knight
  4100 | Bailey   | Noticed an orc knight
  4114 | Bailey   | Killed an orc knight
  4114 | Bailey   | Reached skill level 3 in Fighting
  4114 | Bailey   | Reached skill level 7 in Short Blades
  4126 | Bailey   | Killed an orc knight
  4126 | Bailey   | Reached skill level 4 in Fighting
  4126 | Bailey   | Reached XP level 10. HP: 29/49 MP: 25/25
  4426 | D:9      | Reached skill level 6 in Dodging
  4710 | D:9      | Learned a level 1 spell: Freeze
  4713 | D:9      | Learned a level 2 spell: Repel Missiles
  4717 | D:9      | Learned a level 3 spell: Ozocubu's Armour
  4722 | D:9      | Learned a level 4 spell: Throw Icicle
  4763 | D:10     | Entered Level 10 of the Dungeon
  4821 | D:10     | Noticed a hill giant
  4829 | D:10     | Killed a hill giant
  4829 | D:10     | Reached skill level 1 in Ice Magic
  4919 | D:10     | Reached skill level 8 in Short Blades
  4936 | D:10     | Got a warped ring mail
  4948 | D:10     | Identified the cursed -2 ring mail of the Villain {+Rage Str+3 SInv} (You found it on level 10 of the Dungeon)
  5021 | D:10     | HP: 12/51 [orc warrior/glaive (4)]
  5024 | D:10     | Reached skill level 2 in Ice Magic
  5513 | D:11     | Found a staircase to the Lair.
  5532 | D:11     | Paralysed by a giant eyeball for 3 turns
  5568 | D:12     | Noticed a hill giant
  5588 | D:12     | Reached skill level 3 in Ice Magic
  5594 | D:12     | Reached skill level 7 in Dodging
  5600 | D:12     | Killed a hill giant
  5600 | D:12     | Reached XP level 11. HP: 41/54 MP: 6/27
  5638 | D:12     | Reached skill level 4 in Ice Magic
  5697 | D:12     | Noticed a hill giant
  5704 | D:12     | Killed a hill giant
  5704 | D:12     | Reached skill level 9 in Short Blades
  5725 | D:12     | Found a frozen archway.
  5725 | D:12     | Noticed an ice statue
  5725 | D:12     | Noticed a hill giant
  5738 | D:12     | Killed a hill giant
  5738 | D:12     | Reached skill level 5 in Ice Magic
  5793 | D:12     | Killed an ice statue
  5793 | D:12     | Reached skill level 1 in Invocations
  5800 | IceCv    | Entered an ice cave
  5845 | IceCv    | Reached skill level 2 in Invocations
  5887 | IceCv    | Reached skill level 8 in Dodging
  5908 | IceCv    | Noticed an ice statue
  5976 | IceCv    | Reached skill level 3 in Invocations
  6084 | IceCv    | Gained mutation: You regenerate. [vine stalker growth]
  6084 | IceCv    | Reached XP level 12. HP: 24/58 MP: 28/28
  6137 | IceCv    | Gained mutation: You are partially covered in rugged brown scales (AC +1, +3% HP). [potion of beneficial mutation]
  6154 | IceCv    | Reached skill level 4 in Invocations
  6161 | IceCv    | Reached skill level 7 in Spellcasting
  6188 | IceCv    | Reached skill level 6 in Conjurations
  6289 | IceCv    | Got a sparkling lead ring
  6296 | IceCv    | Identified the ring "Prurous" {Hunger rC-} (You found it in an ice cave)
  6297 | IceCv    | thanks
  6363 | IceCv    | Noticed a death yak
  6407 | IceCv    | Killed a death yak
  6525 | IceCv    | Noticed a frost giant
  6535 | IceCv    | Reached skill level 5 in Invocations
  6579 | IceCv    | Killed a frost giant
  6579 | IceCv    | Reached skill level 9 in Dodging
  6595 | IceCv    | Reached skill level 7 in Conjurations
  6608 | IceCv    | Reached skill level 8 in Spellcasting
  6741 | D:12     | Got a steaming flail
  6742 | D:12     | Identified the +7,+3 flail of Dawn {freeze, rC++ rN+} (You found it on level 12 of the Dungeon)
  6744 | D:12     | that's better
  6978 | D:12     | Killed an unseen horror
  6989 | D:12     | Noticed a four-headed hydra
  7011 | D:12     | Reached skill level 6 in Invocations
  7014 | D:12     | Killed a four-headed hydra
  7100 | D:13     | Noticed Nergalle
  7115 | D:13     | Killed Nergalle
  7124 | D:13     | Noticed a vault guard
  7131 | D:13     | Reached XP level 13. HP: 64/64 MP: 3/31
  7173 | D:13     | HP: 11/64 [gargoyle/stone arrow (6)]
  7179 | D:13     | HP: 12/64 [vault guard/glowing battleaxe (3)]
  7180 | D:13     | Reached skill level 8 in Conjurations
  7181 | D:13     | HP: 2/64 [vault guard/battleaxe of electrocution (5)]
  7183 | D:13     | Noticed an ogre mage
  7183 | D:13     | Noticed a vault guard
  7183 | D:13     | how do things go from bad to worse in a couple of seconds?
  7183 | D:13     | watch and learn
  7188 | D:13     | HP: 6/64 [something (1)]
  7190 | D:13     | HP: 2/64 [vault guard/runed long sword (1)]
  7197 | D:13     | Killed a vault guard
  7197 | D:13     | Reached skill level 9 in Spellcasting
  7197 | D:13     | HP: 1/64 [gargoyle/stone arrow (1)]
  7199 | D:13     | Noticed an ogre mage
  7205 | D:13     | Killed an ogre mage
  7205 | D:13     | Reached skill level 7 in Invocations
  7209 | D:13     | are you kidding me
  7209 | D:13     | Killed an ogre mage
  7310 | D:13     | Got a heavily runed helmet
  7345 | D:13     | Identified the +2 helmet "Deitoed" {+Fly} (You found it on level 13 of the Dungeon)
  7445 | D:13     | Killed a vault guard
  7445 | D:13     | Reached skill level 10 in Dodging
  7564 | D:13     | Noticed Psyche
  7576 | D:13     | Killed Psyche
  7599 | D:13     | Noticed Josephine
  7606 | D:13     | Noticed Erica
  7631 | D:13     | Killed Josephine
  7639 | D:13     | Killed Erica
  7639 | D:13     | Reached skill level 9 in Conjurations
  7802 | Lair:1   | Entered Level 1 of the Lair of Beasts
  7854 | Lair:1   | Noticed Broswagonist's ghost (experienced HOGl)
  7869 | Lair:1   | Killed Broswagonist's ghost
  7869 | Lair:1   | Reached skill level 8 in Invocations
  7874 | Lair:1   | Reached skill level 3 in Stealth
  7877 | Lair:1   | Got a pitted ring mail
  7887 | Lair:1   | Identified the cursed -6 ring mail "Mnowk" {+Blink rElec Str+2} (You found it on level 1 of the Lair of Beasts)
  8090 | Lair:1   | Reached skill level 10 in Spellcasting
  8319 | Lair:3   | Found a labyrinth entrance.
  8335 | Lab      | Entered a labyrinth
  8579 | Lab      | Reached skill level 4 in Stealth
  8639 | Lab      | Noticed a minotaur
  8664 | Lab      | Killed a minotaur
  8680 | Lab      | mmmm
  8681 | Lab      | ohhhhhhhh
  8685 | Lab      | lmao
  8813 | Lair:4   | Reached skill level 1 in Long Blades
  8813 | Lair:4   | Reached skill level 1 in Charms
  8832 | Lair:4   | Found a staircase to the Snake Pit.
  8912 | Lair:4   | Got a shimmering blowgun
  8913 | Lair:4   | Identified the +2 blowgun of Righteous Fury {speed, SInv} (You found it on level 4 of the Lair of Beasts)
  8977 | Lair:4   | Reached XP level 14. HP: 49/69 MP: 33/33
  9049 | Lair:5   | Reached skill level 2 in Long Blades
  9180 | Lair:5   | Reached skill level 5 in Stealth
  9289 | Lair:6   | oh no
  9289 | Lair:6   | not the heat
  9316 | Lair:6   | Reached skill level 3 in Long Blades
  9327 | Lair:6   | Reached skill level 2 in Charms
  9333 | Lair:6   | Reached skill level 6 in Stealth
  9454 | Lair:6   | Reached skill level 4 in Long Blades
  9475 | Lair:6   | Reached skill level 5 in Long Blades
  9495 | Lair:6   | Reached skill level 7 in Stealth
  9501 | Lair:6   | Found a dark tunnel.
  9507 | Volcano  | Entered a volcano
  9564 | Volcano  | gud 2 be stelthy
  9584 | Volcano  | Found a radiant altar of Vehumet.
  9588 | Volcano  | Reached skill level 6 in Ice Magic
  9640 | Volcano  | where are the toenail golems
  9640 | Volcano  | :(
  9686 | Volcano  | Reached skill level 6 in Long Blades
  9769 | Lair:6   | Found a viscous altar of Jiyva.
  9769 | Lair:6   | Found a staircase to the Slime Pits.
  9799 | Lair:6   | tragic
  9949 | Lair:7   | lelelelele
 10027 | Lair:7   | Reached skill level 8 in Stealth
 10089 | Lair:7   | yee
 10093 | Lair:7   | Reached skill level 7 in Long Blades
 10095 | Lair:7   | eat shit bitch
 10109 | Lair:7   | Got a heavily runed platinum ring
 10113 | Lair:7   | oh damn
 10115 | Lair:7   | oh my goodness
 10115 | Lair:7   | oh my damn
 10173 | Lair:7   | Identified the ring "Roscheha" {Fire Dex-3 Int+1 Acc+2 Dam+2} (You found it on level 7 of the Lair of Beasts)
 10238 | Lair:8   | Entered Level 8 of the Lair of Beasts
 10247 | Lair:8   | Reached skill level 9 in Stealth
 10293 | Lair:8   | Reached skill level 8 in Long Blades
 10295 | Lair:8   | HP: 16/69 [spiny frog (8)]
 10300 | Lair:8   | HP: 8/69 [poisoned by a spiny frog]
 10305 | Lair:8   | HP: 7/69 [poisoned by a spiny frog]
 10307 | Lair:8   | Reached skill level 7 in Ice Magic
 10310 | Lair:8   | HP: 15/69 [poisoned by a spiny frog]
 10315 | Lair:8   | HP: 16/69 [poisoned by a spiny frog]
 10419 | Lair:8   | yeahhh
 10460 | Lair:8   | Reached skill level 9 in Long Blades
 10654 | Lair:8   | Reached skill level 10 in Stealth
 10803 | Lair:8   | HP: 15/69 [fire dragon/blast of flame (13)]
 10812 | Lair:8   | Reached XP level 15. HP: 37/72 MP: 15/34
 10818 | Lair:8   | Reached skill level 10 in Long Blades
 10841 | Lair:8   | mmm
 10915 | Lair:8   | IMPORTNAT
 10986 | Lair:7   | Learned a level 2 spell: Stoneskin
 10993 | Lair:7   | Learned a level 6 spell: Statue Form
 11077 | Lair:5   | Found a staircase to the Shoals.
 11086 | Lair:5   | oh hi
 11094 | Shoals:1 | Entered Level 1 of the Shoals
 11159 | Shoals:2 | Reached skill level 11 in Stealth
 11259 | Shoals:2 | Reached skill level 8 in Ice Magic
 11320 | Shoals:2 | HP: 16/72 [merfolk impaler/demon trident of electrocution (12)]
 11320 | Shoals:2 | Slain by a merfolk impaler

Vanquished Creatures
  A frost giant (IceCv)
  2 vault guards (D:13)
  A merfolk impaler (Shoals:2)
  A minotaur (Lab)
  Josephine (D:13)
  A fire dragon (Lair:8)
  Erica (D:13)
  A hydra (D:12)
  2 ogre magi (D:13)
  5 death yaks
  The ghost of Broswagonist the Protected, an experienced HOGl of Beogh (Lair:1)
  Nergalle (D:13)
  An unseen horror (D:12)
  2 ice statues
  A cyclops (D:13)
  3 orc knights
  A flaming corpse (Volcano)
  5 hill giants
  2 wolf spiders (Lair:8)
  3 griffons
  2 manticores (Shoals:2)
  6 elephants
  A red wasp (Lair:8)
  5 black mambas
  6 spiny frogs
  A molten gargoyle (Volcano)
  A guardian serpent (Lair:8)
  11 gargoyles
  Psyche (D:13)
  A kobold demonologist (D:12)
  A fire drake (Lair:8)
  A freezing wraith (Lair:7)
  Grinder (D:3)
  18 polar bears
  8 komodo dragons
  3 trolls
  A hydra zombie (D:13)
  A fire vortex (Volcano)
  3 merfolk (Shoals:2)
  Prince Ribbit (D:4)
  A snapping turtle (Shoals:2)
  A boulder beetle (Lair:7)
  40 yaks
  A red wasp zombie (D:13)
  4 blink frogs (Lair:8)
  4 basilisks
  A griffon skeleton (D:13)
  A shadow (D:13)
  An elephant slug (Lair:6)
  A shark (Shoals:2)
  A trapdoor spider (Lab)
  3 wyverns
  A fire elemental (Volcano)
  6 ugly things
  7 hippogriffs
  18 wolves (IceCv)
  A steam dragon (Lair:8)
  3 vampire mosquitoes (D:12)
  4 mottled dragons
  13 water moccasins
  A swamp drake (Lair:8)
  4 porcupines
  3 phantoms
  5 spiders (Lair:8)
  3 orc warriors
  A black bear (D:12)
  17 ice beasts
  A manticore zombie (D:11)
  A giant goldfish (Lair:1)
  2 yellow wasps (Lair:8)
  6 ogres
  2 boring beetles
  A sky beast (D:5)
  A big kobold (D:4)
  2 centaurs
  7 giant frogs
  16 crocodiles
  7 giant slugs
  A wyvern zombie (D:6)
  3 scorpions
  5 killer bees (D:9)
  A troll skeleton (D:10)
  A lava snake (Volcano)
  A crimson imp (D:13)
  10 wights
  4 orc priests
  2 giant frog zombies
  An elf zombie (D:13)
  10 hounds
  3 jellies
  A cyclops simulacrum (D:13)
  A gnoll shaman (D:5)
  9 iguanas
  2 quasits
  A giant frog skeleton (D:13)
  A basilisk skeleton (D:13)
  10 orc wizards
  17 worker ants
  6 sheep
  17 gnolls
  A worker ant zombie (D:9)
  23 adders
  24 green rats
  A shadow imp (D:10)
  A giant mite (Lair:4)
  A white imp (Lair:7)
  6 worms
  3 orc zombies
  An adder skeleton (D:5)
  4 giant eyeballs
  4 giant geckos
  38 orcs
  4 giant cockroaches
  18 goblins
  9 hobgoblins
  16 jackals
  11 quokkas
  3 ball pythons
  5 bats
  A giant gecko skeleton (D:6)
  A giant newt (D:1)
  A giant spore (D:8)
  21 kobolds
  A quokka skeleton (D:4)
  13 rats
  4 ballistomycetes
  A fungus (Lair:7)
624 creatures vanquished.

Vanquished Creatures (collateral kills)
  An orc (D:9)
1 creature vanquished.

Vanquished Creatures (others)
  A polar bear (IceCv)
  2 yaks (IceCv)
  A water moccasin (Lair:7)
  A wolf (IceCv)
  An orc priest (D:8)
  An iron imp (D:4)
  2 white imps
  A hobgoblin (D:8)
  A giant spore (D:7)
  2 fungi (Lair:8)
  13 plants (Lair:8)
26 creatures vanquished.

Grand Total: 651 creatures vanquished
